 Dungeon Crawl Stone Soup version 0.29-a0-1023-g6ae1a4a2c7 (webtiles) character file.

Game seed: 468784065399080332

2725 Newt the Slicer (level 9, -1/57 HPs)
             Began as a Gargoyle Gladiator on Aug 11, 2022.
             Was an Elder of Okawaru.
             Slain by a two-headed ogre
             ... wielding a +0 dire flail
              (11 damage)
             ... on level 9 of the Dungeon.
             The game lasted 00:12:41 (7417 turns).

Newt the Slicer (Gargoyle Gladiator)                Turns: 7417, Time: 00:12:41

Health: -1/57      AC: 14    Str: 16    XL:     9   Next: 67%
Magic:  3/3        EV: 11    Int: 15    God:    Okawaru [****..]
Gold:   381        SH:  0    Dex: 13    Spells: 8/8 levels left

rFire   + + +      SeeInvis .   r - +7 dagger of Anguish {antimagic, rPois rF+++ Str-4 Stlth+}
rCold   . . .      Faith    .   (no shield)
rNeg    + . .      Spirit   .   o - +0 ring mail
rPois   ∞          Reflect  .   c - +0 helmet
rElec   +          Harm     .   y - +0 cloak
rCorr   +          Rampage  .   E - +0 pair of gloves
Will    .....                   (no boots)
Stlth   +++.......              (no amulet)
HPRegen 0.19/turn               k - ring of resist corrosion
MPRegen 0.08/turn               t - +6 ring of intelligence

@: marked
A: sickness immunity, AC +6, negative energy resistance 1, electricity
resistance, torment resistance 1, petrification resistance
a: Renounce Religion, Heroism, Finesse


You were on level 9 of the Dungeon.
You worshipped Okawaru.
Okawaru was greatly pleased with you.
You visited 2 branches of the dungeon, and saw 10 of its levels.

You collected 381 gold pieces.

Inventory:

Hand Weapons
 a - a +0 flail
 h - a +4 scimitar
 n - a +5 dagger
 r - the +7 dagger of Anguish (weapon) {antimagic, rPois rF+++ Str-4 Stlth+}
   (You found it on level 2 of the Dungeon)

   It reduces the magical energy of the wielder, and disrupts the spells and
   magical abilities of those it strikes.
   Natural abilities and divine invocations are not affected.
   Str:       It affects your strength (-4).
   rF:        It renders you almost immune to fire.
   rPois:     It protects you from poison.
   Stlth:     It makes you more stealthy.
 C - a +1 long sword of flaming
Missiles
 d - 4 throwing nets (quivered)
 e - a javelin
 f - 7 poisoned darts
 D - 5 atropa-tipped darts
Armour
 b - a +0 leather armour
 c - a +0 helmet (worn)
 o - a +0 ring mail (worn)
 y - a +0 cloak (worn)
 E - a +0 pair of gloves (worn)
Jewellery
 k - a ring of resist corrosion (left hand)
 t - a +6 ring of intelligence (right hand)
 F - an amulet of reflection
 G - a ring of flight
 H - a ring of protection from fire
Wands
 l - a wand of paralysis (4)
 w - a wand of flame (17)
 I - a wand of roots (2)
Scrolls
 v - a scroll of enchant weapon
 A - 3 scrolls of teleportation
Potions
 g - a potion of lignification
 i - a potion of invisibility {unknown}
 j - 2 potions of resistance
 m - a potion of attraction {unknown}
 p - a potion of ambrosia {unknown}
 q - 2 potions of heal wounds {unknown}
 s - 3 potions of brilliance {unknown}
 u - 2 potions of haste {unknown}
 x - 3 potions of degeneration
 z - a potion of flight {unknown}
 B - a potion of might {unknown}


   Skills:
 - Level 7.4 Fighting
 + Level 8.2 Short Blades
 - Level 5.0 Maces & Flails
 - Level 1.7 Throwing
 - Level 2.4 Dodging
 - Level 6.0 Stealth


You had 8 spell levels left.
You didn't know any spells.
Your spell library contained the following spells:

 Spells                   Type           Power      Damage    Failure   Level
 Apportation              Tloc           0%         N/A       45%         1
 Ensorcelled Hibernation  Hex/Ice        0%         N/A       61%         2
 Passwall                 Tmut/Erth      0%         N/A       61%         2
 Scorch                   Fire           0%         2d5       61%         2
 Conjure Flame            Conj/Fire      0%         6-21      83%         3
 Ignite Poison            Fire/Tmut/Pois 0%         N/A       83%         3
 Swiftness                Air            0%         N/A       83%         3
 Flame Wave               Conj/Fire      0%         2d4       99%         4
 Hailstorm                Conj/Ice       0%         3d3       99%         4
 Ice Form                 Ice/Tmut       0%         N/A       99%         4
 Sticky Flame             Conj/Fire      0%         2d3       99%         4
 Alistair's Intoxication  Tmut/Pois      0%         N/A       100%        5
 Simulacrum               Ice/Necr       Unusable   N/A       N/A         6
 Summon Cactus Giant      Summ           Unusable   N/A       N/A         6

Dungeon Overview and Level Annotations

Branches:
Dungeon (10/15)            Temple (1/1) D:4
   Lair: D:8-11         Orc: D:9-12

Altars:
Ashenzari
Cheibriados
Dithmenos
Elyvilon
Fedhas
Gozag
Hepliaklqana
Kikubaaqudgha
Makhleb
Okawaru
Qazlal
Ru
Sif Muna
Trog
Uskayaw
Wu Jian
Yredelemnul
Zin


Innate Abilities, Weirdness & Mutations

You are immune to sickness and miasma.
Your stone body is resilient. (AC +6)
You are immune to poison.
You resist negative energy. (rN+)
You are resistant to electric shocks. (rElec)
You are resistant to unholy torment.
You are immune to petrification.


Message History

No target in view!
Found a sedimented brown potion.
A sourceless malevolence fills the Dungeon...
With a horrendous wail, an alarm goes off!
A sentinel's mark forms upon you.
The killer bee buzzes angrily.
You hear a roar!
Found 3 scrolls of identify.
The two-headed ogre hits you but does no damage.
The two-headed ogre hits you with a +0 giant club!
You are too injured to fight recklessly!
Unknown command.
Aiming: Fastroot
Press: ? - help, Q - select action, (/) - cycle Shift-Dir - straight line The roots erupt in riotous growth!
Roots grab the two-headed ogre.
The grasping roots constrict the two-headed ogre!
The two-headed ogre misses you.
The two-headed ogre hits you but does no damage.
The grasping roots constrict the two-headed ogre.
The roots release their grip on the two-headed ogre.
Aiming: Throw Flame
Press: ? - help, Q - select action, (/) - cycle Shift-Dir - straight line, f - two-headed ogre
Aim: a two-headed ogre, wielding a +0 dire flail and a +0 giant club (moderately wounded, 85% to hit)
The puff of flame hits the two-headed ogre.
The two-headed ogre is moderately wounded.
Aiming: Paralyse
Press: ? - help, Q - select action, (/) - cycle Shift-Dir - straight line, f/p - two-headed ogre
Aim: a two-headed ogre, wielding a +0 dire flail and a +0 giant club (moderately wounded, chance to affect: 31%)
The two-headed ogre easily resists.
The two-headed ogre hits you with a +0 dire flail!
* * * LOW HITPOINT WARNING * * *
The two-headed ogre misses you. The killer bee closely misses you.
Aiming: Fastroot
Press: ? - help, Q - select action, (/) - cycle Shift-Dir - straight line, p - two-headed ogre The roots erupt in riotous growth!
Roots grab the two-headed ogre.
The grasping roots constrict the two-headed ogre.
The killer bee stings you but does no damage. x2
The two-headed ogre hits you with a +0 dire flail!
You die...

...# ...# #.. ...# ###### #..
..........
...##########....##.............
........†.†.............
........
...####.)#............>.. .....
. ...# ##.####.....#....... ....
. ...# #..###.......#...... O!#
.
.########.......@#..........#.#
# .......#######.Oy...# #..O###
.#####..# #...##.....####.....
## #.........# #.##.........
..?..........# #..#.######
............##. .#..######
..!.........##. .#. #...##
##.............##.. #...##
##...............###...##


You could see a two-headed ogre (rooted) and a killer bee.

Vanquished Creatures
  Maurice (D:9)
  A wyvern (D:9)
  2 yaks (D:8)
  An orc warrior (D:8)
  2 centaurs
  3 phantoms
  A kobold brigand (D:7)
  A necrophage (D:8)
  5 bullfrogs
  3 scorpions
  5 wights (D:9)
  3 killer bees (D:9)
  A jelly (D:7)
  A hound (D:4)
  An orc priest (D:3)
  An iguana (D:5)
  6 orc wizards
  Robin (D:4)
  8 adders
  An ufetubus (D:4)
  2 worms
  3 dart slugs
  19 orcs
  7 bats
  10 endoplasms
  4 giant cockroaches
  5 goblins
  10 hobgoblins
  4 jackals (D:4)
  3 quokkas
  13 ball pythons
  3 frilled lizards
  13 kobolds
  A rat (D:1)
145 creatures vanquished.

Vanquished Creatures (others)
  A plant (D:3)
1 creature vanquished.

Grand Total: 146 creatures vanquished

Notes
Turn   | Place    | Note
-------+----------+-------------------------------------------
     0 | D:1      | Newt the Gargoyle Gladiator began the quest for the Orb.
     0 | D:1      | Reached XP level 1. HP: 12/12 MP: 1/1
   505 | D:1      | Reached XP level 2. HP: 13/17 MP: 2/2
  1039 | D:1      | Found a faded altar of an unknown god.
  1167 | D:2      | Reached XP level 3. HP: 19/21 MP: 3/3
  1581 | D:2      | Reached XP level 4. HP: 23/26 MP: 4/4
  1771 | D:2      | Found a snail-covered altar of Cheibriados.
  1788 | D:2      | Reached skill level 5 in Maces & Flails
  1849 | D:2      | Identified the +7 dagger of Anguish {antimagic, rPois rF+++
                  | Str-4 Stlth+}
  1944 | D:3      | Reached skill level 1 in Short Blades
  2241 | D:3      | Reached XP level 5. HP: 27/30 MP: 1/5
  2361 | D:3      | Reached skill level 2 in Short Blades
  2657 | D:3      | Found a glowing silver altar of Zin.
  2908 | D:4      | Noticed Robin
  2918 | D:4      | Killed Robin
  3070 | D:4      | Reached skill level 3 in Short Blades
  3070 | D:4      | Reached XP level 6. HP: 31/35 MP: 2/6
  3275 | D:4      | Reached skill level 4 in Short Blades
  3768 | D:4      | Found a staircase to the Ecumenical Temple.
  4056 | Temple   | Entered the Ecumenical Temple
  4106 | Temple   | Became a worshipper of Warmaster Okawaru
  4158 | D:5      | Entered Level 5 of the Dungeon
  4255 | D:5      | Reached XP level 7. HP: 39/41 MP: 2/7
  4285 | D:5      | Reached * piety under Okawaru
  4392 | D:5      | Reached skill level 5 in Short Blades
  4443 | D:5      | Found a shadowy altar of Dithmenos.
  4701 | D:5      | You fall into a shaft and drop 2 floors!
  4854 | D:7      | Reached skill level 6 in Short Blades
  4854 | D:7      | Reached XP level 8. HP: 44/48 MP: 2/8
  4927 | D:7      | Reached ** piety under Okawaru
  4928 | D:7      | Reached skill level 1 in Stealth
  5052 | D:7      | Found a bloodstained altar of Trog.
  5053 | D:7      | Found a hide-covered altar of Uskayaw.
  5070 | D:7      | Reached skill level 5 in Fighting
  6124 | D:8      | Noticed a yak
  6124 | D:8      | Noticed a yak
  6124 | D:8      | Noticed a yak
  6124 | D:8      | Noticed a yak
  6125 | D:8      | Noticed a yak
  6146 | D:8      | Killed a yak
  6202 | D:8      | Found a blossoming altar of Fedhas.
  6262 | D:8      | Reached *** piety under Okawaru
  6263 | D:8      | Reached skill level 5 in Stealth
  6263 | D:8      | Reached XP level 9. HP: 57/57 MP: 3/9
  6765 | D:9      | Reached skill level 7 in Short Blades
  7204 | D:9      | Noticed a two-headed ogre
  7223 | D:10     | Entered Level 10 of the Dungeon
  7228 | D:10     | Noticed a kobold demonologist
  7272 | D:9      | Noticed Maurice
  7292 | D:9      | Killed Maurice
  7293 | D:9      | Reached skill level 8 in Short Blades
  7334 | D:9      | Reached **** piety under Okawaru
  7417 | D:9      | Slain by a two-headed ogre

Illustrated notes

Levels and vault maps discovered:
D:1:      minmay_arrival_hallway, layout_basic, chequers_ecumenical_altar_twisty
D:2:      layout_rooms, basic_altar
D:3:      layout_rooms, general_overflow_altar, grunt_decor_arrowhead,
          minmay_shallow_snake_nest
D:4:      layout_loops_cross, temple_hall, uniq_robin
D:5:      layout_basic, grunt_dithmenos_smoke_and_mirrors, st_stairs_13,
          kennysheep_flooded_box, minmay_misc_feat_more_columns,
          minmay_misc_feat_pillars, minmay_door_square
D:7:      layout_loops_ring, mainiacjoe_overflow_divided_tiny
D:8:      layout_basic, lemuel_round_altar, nicolae_fountain_basement,
          uniq_maggie
D:9:      layout_rooms, lemuel_coloured_pillars_altar, uniq_maurice
D:10:     layout_loops_ring, mainiacjoe_overflow_alcove_2, tso_oasis_becter,
          grunt_lair_entry_orc_guard_hut
Temple:   nicolae_temple_ecumenical_triangle

Skill      XL: |  1  2  3  4  5  6  7  8  9 |
---------------+----------------------------+-----
Maces & Flails | 4 5 |  5.0
Short Blades   | 1 3 4 6 8 |  8.2
Fighting       | 3 4 7 |  7.4
Stealth        | 5 6 |  6.0
Throwing       | |  1.7
Dodging        | |  2.4

Action                   |  1- 3 |  4- 6 |  7- 9 || total
-------------------------+-------+-------+-------++-------
Melee: Flail             |   116 |    18 |       ||   134
       Punch             |     1 |     2 |    10 ||    13
       Dagger            |       |   146 |   384 ||   530
Invok: Heroism           |       |       |     1 ||     1
Evoke: Wand              |       |       |     9 ||     9
  Use: Scroll            |     3 |     7 |     5 ||    15
       Potion            |       |     2 |     4 ||     6
 Stab: Sleeping          |     1 |     3 |       ||     4
Armor: Leather armour    |    32 |       |       ||    32
       Ring mail         |    28 |    68 |   130 ||   226
       Skin              |       |       |    11 ||    11
Dodge: Dodged            |   100 |    97 |   158 ||   355

Table legend: (Time is in decaauts)
 A = Elapsed time spent in this place.
 B = Non-inter-level travel time spent in this place.
 C = Inter-level travel time spent in this place.
 D = Time resting spent in this place.
 E = Time spent auto-exploring this place.
 F = Levels seen in this place.
 G = Mean time per level.
                   A        B        C        D        E       F      G
               +--------+--------+--------+--------+--------+-----+--------+
         Total |   7306 |   7012 |    294 |   1765 |   4060 |  10 |  730.6 |
       Dungeon |   7251 |   6957 |    294 |   1765 |   4029 |   9 |  805.7 |
        Temple |     55 |     55 |      0 |      0 |     31 |   1 |   55.0 |
               +--------+--------+--------+--------+--------+-----+--------+

Top non-repeatable levels by time:
     D:4: 1299 daAuts
     D:1: 1170 daAuts
     D:9: 972 daAuts
     D:7: 924 daAuts
     D:3: 868 daAuts
     D:2: 779 daAuts
     D:8: 698 daAuts
     D:5: 531 daAuts
  Temple: 55 daAuts
    D:10: 7 daAuts
